 Dungeon Crawl Stone Soup version 0.24-a0-361-g57161393b2 (webtiles) character file.

Game seed: 4437204794644384908

252 theanonym the Sneak (level 6, 0/36 HPs)
             Began as an Octopode Wizard on May 26, 2019.
             Killed from afar by an orc wizard (6 damage)
             ... with a magic dart
             ... on level 4 of the Dungeon.
             The game lasted 00:06:27 (3111 turns).

theanonym the Sneak (Octopode Wizard)               Turns: 3111, Time: 00:06:28

Health: 0/36       AC:  1    Str:  7    XL:     6   Next: 13%
Magic:  2/11       EV: 13    Int: 22    God:
Gold:   47         SH:  3    Dex: 10    Spells: 1/12 levels left

rFire    . . .     SeeInvis .   h - +1 dagger
rCold    . . .     Gourm    .   b - -1 buckler
rNeg     . . .     Faith    .   a - +0 hat
rPois    .         Spirit   .   (no amulet)
rElec    .         Reflect  .   o - ring of wizardry
rCorr    .         Harm     .   (no ring)
MR       .....                  (no ring)
Stlth    +++.......             (no ring)
HPRegen  0.12/turn              (no ring)
MPRegen  0.12/turn              (no ring)
                                (no ring)
                                (no ring)

@: very slightly contaminated
A: almost no armour, stealthy swim, amphibious, 8 rings, constrict 8, camouflage
1, gelatinous body 1
a: no special abilities


Innate Abilities, Weirdness & Mutations

You cannot wear most types of armour.
You are very stealthy in the water. (Stealth+)
You are amphibious.
You can wear up to eight rings at the same time.
You can use your tentacles to constrict eight enemies at once.
Your skin changes colour to match your surroundings (Stealth+).
Your rubbery body absorbs attacks. (AC +1, EV +1)


   Skills:
 - Level 2.0 Dodging
 + Level 4.5 Stealth
 * Level 2.2 Shields
 + Level 3.9 Spellcasting
 + Level 2.7 Conjurations
 - Level 1.0 Summonings
 - Level 1.0 Translocations
 - Level 1.0 Fire Magic
 - Level 1.0 Air Magic
 + Level 1.7 Poison Magic


You had one spell level left.
You knew the following spells:

 Your Spells              Type           Power        Failure   Level  Hunger
a - Magic Dart            Conj           ###.         1%          1    None
b - Call Imp              Summ           #.......     6%          2    #......
c - Conjure Flame         Conj/Fire      ##......     8%          3    ###....
d - Mephitic Cloud        Conj/Pois/Air  ##......     9%          3    ###....
l - Blink                 Tloc           N/A          6%          2    #......

Your spell library contained the following spells:

 Spells                   Type           Power        Failure   Level  Hunger
 Slow                     Hex            #.......     9%          2    #......

Skill      XL: |  1  2  3  4  5 |
---------------+----------------+-----
Stealth        | 3 4 |  4.5
Conjurations   | 2 |  2.7
Poison Magic   | 1 |  1.7
Air Magic      | 1 |  1.0
Shields        | 1 2 |  2.2
Fire Magic     | 1 |  1.0
Dodging        | |  2.0
Spellcasting   | |  3.9
Summonings     | |  1.0
Translocations | |  1.0

Action                   |  1- 3 |  4- 6 || total
-------------------------+-------+-------++-------
Melee: Unarmed           |     4 |       ||     4
       Constrict         |     4 |     5 ||     9
       Tentacles         |     4 |     1 ||     5
       Club              |     1 |       ||     1
       Short sword       |     8 |       ||     8
       Dagger            |     5 |    25 ||    30
 Cast: Magic Dart        |    53 |   105 ||   158
       Mephitic Cloud    |     1 |     3 ||     4
  Use: Scroll            |       |     6 ||     6
 Stab: Sleeping          |     3 |       ||     3
  Eat: Ration            |       |     2 ||     2
       Chunk             |       |     1 ||     1
Armor: Skin              |     1 |     2 ||     3
Dodge: Dodged            |    15 |    26 ||    41
Block: Buckler           |       |     3 ||     3

Inventory:

Hand Weapons
 h - a +1 dagger (weapon)
Missiles
 f - 2 throwing nets (quivered)
 g - 4 boomerangs
Armour
 a - a +0 hat (worn)
 b - a -1 buckler (worn)
Jewellery
 o - a ring of wizardry (left tentacle)
Wands
 i - a wand of polymorph (12)
Scrolls
 k - a scroll of amnesia
 n - a scroll of remove curse
 s - a scroll of enchant weapon
 t - a scroll of teleportation {!r}
Potions
 j - 2 potions of brilliance
 m - a potion of haste {unknown}
 p - a potion of agility {unknown}
 q - 2 potions of heal wounds
 r - a potion of ambrosia {unknown}
 u - a potion of degeneration {unknown}
Comestibles
 e - 4 rations


You were on level 4 of the Dungeon.
You were not hungry.

You visited 1 branch of the dungeon, and saw 4 of its levels.

You collected 47 gold pieces.

Dungeon Overview and Level Annotations

Branches:
Dungeon (4/15)
 Temple: D:4-7

Altars:
Yredelemnul

Annotations:
D:4 Menkaure, Sigmund

.# o# . .##
#. #.. #..
.. #.####.#
####....).#
.........###
......[@..†#
......).##.#
.....).)#
........#
.........
........#
.#..#####
...


You could see an orc wizard.

Notes
Turn   | Place    | Note
-------+----------+-------------------------------------------
     0 | D:1      | theanonym the Octopode Wizard began the quest for the Orb.
     0 | D:1      | Reached XP level 1. HP: 11/11 MP: 4/4
   196 | D:1      | Reached skill level 3 in Stealth
   249 | D:1      | Reached XP level 2. HP: 17/17 MP: 0/6
   520 | D:1      | Reached XP level 3. HP: 16/21 MP: 7/7
   525 | D:1      | Learned a level 3 spell: Mephitic Cloud
   908 | D:2      | Learned a level 2 spell: Blink
   911 | D:2      | Learned a level 2 spell: Call Imp
   932 | D:2      | Reached skill level 2 in Conjurations
   979 | D:2      | Noticed Jessica
   987 | D:2      | Killed Jessica
   987 | D:2      | Reached skill level 1 in Poison Magic
   987 | D:2      | Reached XP level 4. HP: 27/27 MP: 0/9
  1233 | D:2      | Reached skill level 4 in Stealth
  1233 | D:2      | Reached skill level 1 in Air Magic
  1243 | D:2      | HP: 13/27 [poisoned by an adder]
  1250 | D:2      | HP: 10/27 [poisoned by an adder]
  1257 | D:2      | HP: 9/27 [poisoned by an adder]
  1265 | D:2      | HP: 8/27 [poisoned by an adder]
  1617 | D:2      | Reached skill level 1 in Shields
  1666 | D:2      | Reached XP level 5. HP: 31/31 MP: 4/10
  1718 | D:2      | Learned a level 3 spell: Conjure Flame
  2392 | D:3      | Found a basalt altar of Yredelemnul.
  2852 | D:4      | Noticed Menkaure
  2852 | D:4      | Noticed Sigmund
  3050 | D:4      | Reached skill level 2 in Shields
  3050 | D:4      | Reached skill level 1 in Fire Magic
  3050 | D:4      | Reached XP level 6. HP: 36/36 MP: 2/11
  3109 | D:4      | HP: 16/36 [orc wizard/puff of frost (8)]
  3110 | D:4      | HP: 6/36 [orc wizard/magic dart (10)]
  3111 | D:4      | Killed from afar by an orc wizard

Vanquished Creatures
  A hound (D:4)
  2 orc wizards
  Jessica (D:2)
  6 adders
  A gnoll (D:1)
  An ooze (D:2)
  A worm (D:2)
  2 dart slugs (D:1)
  A leopard gecko (D:3)
  5 orcs
  2 giant cockroaches
  6 goblins
  4 hobgoblins
  2 jackals (D:1)
  12 kobolds
  2 quokkas
  5 bats
  4 frilled lizards
  10 rats
68 creatures vanquished.

Table legend:
 A = Turns spent in this place as a percentage of turns spent in the entire game.
 B = Non-inter-level travel turns spent in this place as a percentage of non-inter-level travel turns spent in the entire game.
 C = Inter-level travel turns spent in this place as a percentage of turns spent in this place.
 D = Turns resting spent in this place as a percentage of non-inter-level travel turns spent in this place.
 E = Turns spent auto-exploring this place as a percentage of non-inter-level travel turns spent in this place.
 F = Non-inter-level travel turns spent in this place divided by the number of levels of this place that you've seen.
                   A       B       C       D       E      F
               +-------+-------+-------+-------+-------+----------------------
         Total | 100.0 | 100.0 |   6.0 |  46.9 |  38.5 | 731.2
       Dungeon | 100.0 | 100.0 |   6.0 |  46.9 |  38.5 | 731.2
               +-------+-------+-------+-------+-------+----------------------
